Map: Whispers of Gold

Players

綠毛蟲

  • Race: Zerg Zerg
  • League: Platinum
  • Spawn Location: 5:00

llllllllllll - Winner!

  • Race: Zerg Zerg
  • League: Gold
  • Spawn Location: 9:00

VOD

Have the link to the VOD?

Description

Time

  • Played on: April 24, 2025, 11:23 a.m.
  • Length: 4:16
Show
View Real Time Build Order
Export as new Build Order

綠毛蟲 Zerg 

Build Orders: Hatch First 

Get SALT Encoding   

  12  0:00  Drone  
  13  0:09  Drone  
  14  0:18  Drone, Extractor  
  15  0:41  Hatchery  
  14  1:00  Spawning Pool  
  14  1:02  Drone, Extractor  
  13  1:06  Drone  
  15  1:13  Overlord  
  15  1:34  Drone x2  
  15  1:36  Drone  
  18  1:46  Queen  
  18  1:50  Spine Crawler  
  19  1:57  Drone  
  20  2:12  Spine Crawler, Drone x2  
  20  2:13  Drone x2  
  23  2:17  Drone  
  24  2:28  Spine Crawler  
  23  2:34  Queen  
  25  2:37  Drone x2  
  25  2:42  Drone  
  28  2:48  Overlord  
  28  2:55  Overlord  
  28  3:03  Overlord x2  
  28  3:09  Evolution Chamber  
  25  3:24  Zergling x10  
  23  3:33  Spine Crawler  
  16  3:41  Zergling x2  
  16  3:42  Zergling x8  
Show
View Real Time Build Order
Export as new Build Order

llllllllllll Zerg - Winner!

Build Orders: Hatch First 

Get SALT Encoding   

  12  0:00  Drone  
  13  0:08  Drone  
  13  0:13  Extractor  
  13  0:15  Drone  
  15  0:36  Hatchery  
  15  0:39  Extractor  
  13  0:54  Spawning Pool  
  12  0:58  Drone  
  12  1:03  Drone  
  14  1:14  Overlord  
  14  1:41  Zergling x6, Metabolic Boost  
  17  1:48  Zergling x2  
  17  1:52  Zergling x2  
  19  1:58  Zergling x2  
  20  2:04  Queen  
  22  2:09  Zergling x2  
  22  2:12  Zergling x2  
  24  2:16  Zergling x2  
  24  2:20  Zergling x2  
  26  2:27  Overlord  
  26  2:31  Zergling x2  
  26  2:35  Zergling x2  
  28  2:45  Overlord  
  28  2:47  Zergling x2  
  29  2:53  Zergling x2  
  30  2:59  Zergling x2  
  30  3:04  Zergling x2  
  32  3:08  Zergling x2  
  32  3:11  Zergling x2  
  34  3:15  Zergling x2  
  34  3:18  Zergling x4  
  36  3:25  Zergling x2  
  36  3:31  Zergling x4  
  36  3:37  Zergling x2  
  36  3:40  Zergling x2  
  27  3:49  Zergling x2  
  27  3:50  Zergling x2  
  29  3:56  Zergling x6  
Tags
 
Add a new tag
Caveats
  • Supply blocks, unpowered buildings, or Contaminate may cause inaccurate times.
  • Supply counts are checked every 10 seconds.